 Dungeon Crawl Stone Soup version 0.31-a0-1626-g5cb510d322 (webtiles) character file.

Game seed: 4900130027699105070

1516 MisterAzrael the Chopper (level 8, 18/73 HPs)
             Began as a Hill Orc Fighter on Jan 13, 2024.
             Was a Follower of the Shining One.
             Quit the game on level 6 of the Dungeon.
             The game lasted 00:05:35 (4235 turns).

MisterAzrael the Chopper (Hill Orc Fighter)         Turns: 4235, Time: 00:05:36

Health: 18/73      AC: 16    Str: 21    XL:     8   Next: 83%
Magic:  8/8        EV:  8    Int:  8    God:    the Shining One [*.....]
Gold:   293        SH:  5    Dex:  8    Spells: 7/7 levels left

rFire   . . .        a - +0 war axe
rCold   + . .        c - +0 buckler
rNeg    . . .        k - +0 chain mail
rPois   .            (no helmet)
rElec   .            (no cloak)
rCorr   .            (no gloves)
SInv    .            (no boots)
Will    .....        (no amulet) Stlth
                     j - +4 ring of protection
HPRegen 0.32/turn    (no ring)
MPRegen 0.11/turn

%: no passive effects
@: glowing
A: iridescent scales 1, clumsy 1, cold resistance 1, deterioration 1, inability
to read after injury 1
a: Renounce Religion, Divine Shield


You were on level 6 of the Dungeon.
You worshipped the Shining One.
The Shining One was aware of your devotion.
You visited 2 branches of the dungeon, and saw 7 of its levels.

You collected 293 gold pieces.

Inventory:

Hand Weapons
 a - a +0 war axe (weapon)
Armour
 b - a +0 scale mail
 c - a +0 buckler (worn)
 k - a +0 chain mail (worn)
Jewellery
 e - a ring of magical power
 i - an amulet of the acrobat
 j - a +4 ring of protection (left hand)
Wands
 h - a wand of polymorph (2)
Scrolls
 f - 4 scrolls of identify
 m - 3 scrolls of fog
 n - a scroll of enchant weapon {unknown}
 p - a scroll of fear
Potions
 d - a potion of might
 g - a potion of lignification
 l - a potion of haste {unknown}
 o - a potion of curing
 q - a potion of enlightenment {unknown}


   Skills:
 + Level 7.3 Fighting
 + Level 7.5 Axes
 + Level 6.7 Armour
 + Level 6.7 Shields


You had 7 spell levels left.
You didn't know any spells.
Your spell library contained the following spells:

 Spells                   Type           Power      Damage    Failure   Level
 Sandblast                Erth           0%         2d4       97%         1
 Lesser Beckoning         Tloc           0%         N/A       99%         2
 Dazzling Flash           Conj/Hex       0%         N/A       100%        3
 Fugue of the Fallen      Necr           0%         N/A       100%        3
 Gell's Gravitas          Tloc           0%         N/A       100%        3
 Mephitic Cloud           Conj/Alch/Air  0%         N/A       100%        3
 Ozocubu's Armour         Ice            0%         N/A       100%        3
 Passwall                 Erth           0%         N/A       100%        3
 Stone Arrow              Conj/Erth      0%         3d7       100%        3
 Teleport Other           Tloc           0%         N/A       100%        3
 Tukima's Dance           Hex            0%         N/A       100%        3
 Brom's Barrelling Bould  Conj/Erth      0%         2d3       100%        4
 Manifold Assault         Tloc           0%         N/A       100%        4
 Passage of Golubria      Tloc           0%         N/A       100%        4
 Curse of Agony           Necr           0%         N/A       100%        5
 Silence                  Hex/Air        0%         N/A       100%        5
 Yara's Violent Unravell  Hex/Alch       0%         3d3       100%        5


Dungeon Overview and Level Annotations

Branches:
Dungeon (6/15)             Temple (1/1) D:4

Altars:
Ashenzari
Cheibriados
Dithmenos
Elyvilon
Fedhas
Gozag
Hepliaklqana
Kikubaaqudgha
Makhleb
Nemelex Xobeh
Okawaru
Qazlal
Ru
Sif Muna
Uskayaw
Vehumet
Wu Jian
Xom
Zin
The Shining One

Annotations:
D:4 3 runed translucent doors, bmb222's ghost, novice MiDe


Innate Abilities, Weirdness & Mutations

You are partially covered in iridescent scales. (AC +2)
You are clumsy. (Dex -2)
Your flesh is cold resistant. (rC+)
Your body sometimes deteriorates upon taking damage.
You occasionally lose the ability to read scrolls when taking damage.


Message History

You feel sick.
An adder comes into view.
You feel sick.
The adder hisses angrily.
You feel sick.
You feel sick.
You are no longer poisoned.
A jelly comes into view.
Found a stone staircase leading up.
The jelly quivers.
The adder barely misses you.
You barely miss the adder. The adder bites you but does no damage.
You hit the adder but do no damage.
The adder bites you but does no damage. x2
You hit the adder but do no damage. The adder bites you but does no damage.
You barely miss the adder.
The adder bites you but does no damage. x2
You slash the adder!
You kill the adder!
The jelly hits you but does no damage.
You see here an adder corpse.
The jelly attacks as it pursues you! The jelly hits you but does no damage.
You slash the jelly!
Your hands burn!
* * * LOW HITPOINT WARNING * * *
The jelly is severely wounded.
The jelly closely misses you.
You slash the jelly!
You kill the jelly!
You feel your strength returning.
You see here an adder corpse.
A centaur comes into view.
The centaur shouts!
The centaur wields a +0 orcbow.
The centaur shoots an arrow.
The arrow hits you.
* * * LOW HITPOINT WARNING * * *
An adder comes into view.
The adder hisses angrily.
The centaur shoots an arrow.
You block the arrow.
The centaur shoots an arrow.
The arrow barely misses you.
The centaur shoots an arrow.
The arrow hits you but does no damage.
The centaur shoots an arrow.
You block the arrow.
Are you sure you want to abandon this character and quit the game? (Confirm with "yes".)

#.# ###.. ##
##.##......
##..###.........#
#.....##.>......##
.................# #
.... #.....[....##.##
.....##..............#
#....................#
.#...$..†......@.....#
..................c...#
##.......#....)......##
#......##.....S....##
..................<##
..##...#...........# .
#...###.........# ##.#
#.....#..##


You could see a centaur and an adder.

Vanquished Creatures
  Grinder (D:4)
  Eustachio (D:3)
  A water moccasin (D:6)
  A black bear (D:6)
  An ogre (D:4)
  A phantom (D:5)
  2 scorpions
  A howler monkey (D:5)
  A bombardier beetle (D:5)
  2 jellies
  3 orc priests (D:5)
  A gnoll bouda (D:5)
  2 hounds
  A sleepcap (D:5)
  Terence (D:3)
  3 iguanas
  Natasha (thrice) (D:4)
  4 gnolls (D:5)
  8 adders
  2 dart slugs
  5 orcs
  3 bats (D:3)
  6 endoplasms
  A giant cockroach (D:4)
  9 goblins
  11 hobgoblins
  11 jackals
  3 quokkas
  14 ball pythons
  4 frilled lizards
  10 kobolds
  3 rats
120 creatures vanquished.

Notes
Turn   | Place    | Note
-------+----------+-------------------------------------------
     0 | D:1      | MisterAzrael the Hill Orc Fighter began the quest for the
                  | Orb.
     0 | D:1      | Reached XP level 1. HP: 19/19 MP: 1/1
    38 | D:1      | Found a faded altar of an unknown god.
   213 | D:1      | Reached XP level 2. HP: 27/27 MP: 2/2
   944 | D:2      | Reached XP level 3. HP: 33/33 MP: 3/3
  1196 | D:3      | Found a shimmering altar of Xom.
  1401 | D:3      | Reached XP level 4. HP: 40/40 MP: 4/4
  1561 | D:3      | Noticed Terence
  1566 | D:3      | Killed Terence
  1688 | D:3      | Reached XP level 5. HP: 44/47 MP: 5/5
  1991 | D:3      | Gained mutation: You are partially covered in iridescent
                  | scales. (AC +2) [potion of mutation]
  1991 | D:3      | Gained mutation: Your flesh is cold resistant. (rC+)
                  | [potion of mutation]
  1991 | D:3      | Gained mutation: You have hidden genetic defects. [potion
                  | of mutation]
  2355 | D:4      | Noticed Natasha
  2364 | D:4      | Killed Natasha
  2383 | D:4      | Noticed Natasha
  2394 | D:4      | Killed Natasha
  2403 | D:4      | Gained mutation: Your body sometimes deteriorates upon
                  | taking damage. [hidden defects]
  2450 | D:4      | Found a staircase to the Ecumenical Temple.
  2453 | D:4      | Noticed Eustachio
  2515 | D:3      | Killed Eustachio
  2516 | D:3      | Reached skill level 5 in Fighting
  2516 | D:3      | Reached XP level 6. HP: 29/56 MP: 6/6
  2517 | D:3      | Gained mutation: You have terrible hidden genetic defects.
                  | [hidden defects]
  2517 | D:3      | Lost mutation: You have terrible hidden genetic defects.
                  | [hidden defects expressed]
  2654 | D:4      | Found a runed translucent gate.
  2654 | D:4      | Found a runed translucent gate.
  2655 | D:4      | Found a runed translucent gate.
  2657 | D:4      | Noticed bmb222's ghost (novice MiDe)
  2683 | D:4      | Noticed Natasha
  2687 | D:4      | Noticed Grinder
  2688 | D:4      | Killed Natasha
  2689 | D:4      | Reached skill level 5 in Axes
  2694 | D:4      | Paralysed by Grinder for 3 turns
  2707 | D:4      | Killed Grinder
  2708 | D:4      | Reached skill level 5 in Armour
  2708 | D:4      | Reached skill level 5 in Shields
  2708 | D:4      | Reached XP level 7. HP: 38/62 MP: 7/7
  2724 | D:4      | Gained mutation: You occasionally lose the ability to read
                  | scrolls when taking damage. [hidden defects]
  2732 | Temple   | Entered the Ecumenical Temple
  2742 | Temple   | Became a worshipper of the Shining One
  3153 | D:4      | Gained mutation: You are clumsy. (Dex -2) [hidden defects]
  3153 | D:4      | Lost mutation: You have hidden genetic defects. [hidden
                  | defects expressed]
  3579 | D:5      | Entered Level 5 of the Dungeon
  3633 | D:5      | Reached XP level 8. HP: 54/71 MP: 8/8
  4155 | D:5      | You fall into a shaft and drop 1 floor!
  4199 | D:6      | Reached * piety under the Shining One
  4235 | D:6      | Quit the game

Illustrated notes

Levels and vault maps discovered:
D:1:      enne_arrival_octagon_isle, layout_rooms, ebering_ecumenical_altar_hall
D:2:      cheibrodos_greedy_goblins, layout_loops_ring
D:3:      layout_loops_corners, xom_confusion_cloud, uniq_terence
D:4:      layout_loops_ring, minmay_temple_entry_junction,
          gammafunk_ghost_necromancy, minmay_parallelograms,
          minmay_snake_closets, uniq_grinder, uniq_natasha, uniq_eustachio
D:5:      layout_rooms, grunt_ministairs_13, kennysheep_boxes
D:6:      layout_cave_pools, pf_guarded_unrand_delatra, uniq_blork_the_orc,
          uniq_edmund
Temple:   compressed_dpeg_triangle_lava_temple

Skill      XL: |  1  2  3  4  5  6  7  8 |
---------------+-------------------------+-----
Axes           | 3 4 5 6 7 |  7.5
Fighting       | 4 5 6 7 |  7.3
Armour         | 4 5 6 |  6.7
Shields        | 4 5 6 |  6.7

Action                     |  1- 3 |  4- 6 |  7- 9 || total
---------------------------+-------+-------+-------++-------
  Melee: War axe           |   100 |    98 |   159 ||   357
         Unarmed           |       |    14 |       ||    14
    Use: Scroll            |       |     5 |       ||     5
         Potion            |       |     4 |       ||     4
 Armour: Scale mail        |    30 |       |       ||    30
         Chain mail        |    42 |    98 |   131 ||   271
         Skin              |       |    12 |       ||    12
  Dodge: Dodged            |    34 |    72 |    63 ||   169
  Block: Buckler           |    22 |    30 |    40 ||    92

Table legend: (Time is in decaauts)
 A = Elapsed time spent in this place.
 B = Non-inter-level travel time spent in this place.
 C = Inter-level travel time spent in this place.
 D = Time resting spent in this place.
 E = Time spent auto-exploring this place.
 F = Levels seen in this place.
 G = Mean time per level.
                   A        B        C        D        E       F      G
               +--------+--------+--------+--------+--------+-----+--------+
         Total |   4346 |   4172 |    174 |    442 |   2845 |   7 |  620.9 |
       Dungeon |   4292 |   4127 |    165 |    442 |   2815 |   6 |  715.3 |
        Temple |     54 |     45 |      9 |      0 |     30 |   1 |   54.0 |
               +--------+--------+--------+--------+--------+-----+--------+

Top non-repeatable levels by time:
     D:3: 1292 daAuts
     D:4: 1178 daAuts
     D:2: 648 daAuts
     D:5: 586 daAuts
     D:1: 502 daAuts
     D:6: 84 daAuts
  Temple: 54 daAuts
